 Dungeon Crawl Stone Soup version 0.23.1 (webtiles) character file.

Game seed: 14716955884176015744

104 night the Gusty (level 4, -4/30 HPs)
             Began as a Demonspawn Air Elementalist on Mar 15, 2019.
             Engulfed by a cloud of freezing vapour (15 damage)
             ... on level 3 of the Dungeon.
             The game lasted 00:07:41 (2429 turns).

night the Gusty (Demonspawn Air Elementalist)       Turns: 2429, Time: 00:07:42

Health: -4/30      AC:  2    Str:  8    XL:     4   Next: 52%
Magic:  8/8        EV: 12    Int: 18    God:
Gold:   145        SH:  0    Dex: 13    Spells: 2/8 levels left

rFire    . . .     SeeInvis .   o - +0 short sword
rCold    . . .     Gourm    .   (no shield)
rNeg     . . .     Faith    .   a - +0 robe
rPois    .         Spirit   .   (no helmet)
rElec    .         Reflect  .   (no cloak)
rCorr    .         Harm     .   (no gloves)
MR       .....                  (no boots)
Stlth    ++........             (no amulet)
HPRegen  0.10/turn              (no ring)
MPRegen  0.11/turn              (no ring)

@: no status effects
A: spiny 2
a: no special abilities


You were on level 3 of the Dungeon.
You were not hungry.

You visited 1 branch of the dungeon, and saw 3 of its levels.

You collected 145 gold pieces.

Inventory:

Hand Weapons
 d - a +0 club
 f - a +0 spear
 o - a +0 short sword (weapon)
Missiles
 i - 41 arrows
 k - 42 sling bullets
 p - 28 stones (quivered)
 s - 13 bolts
Armour
 a - a +0 robe (worn)
Jewellery
 m - an uncursed ring of protection from magic {unknown}
 w - an uncursed ring of wizardry {unknown}
Scrolls
 l - a scroll of teleportation {unknown}
 q - a scroll of fear {unknown}
 r - a scroll of identify {unknown}
 t - 2 scrolls of remove curse {unknown}
 u - 2 scrolls of fog {unknown}
 v - a scroll of amnesia {unknown}
Potions
 b - a potion of brilliance {unknown}
 e - 3 potions of curing {unknown}
 g - a potion of flight {unknown}
 h - a potion of heal wounds {unknown}
 j - a potion of might {unknown}
 n - a potion of berserk rage {unknown}
Comestibles
 c - 3 rations
 x - 3 chunks of flesh


   Skills:
 - Level 1.7 Dodging
 - Level 1.7 Stealth
 + Level 2.7 Spellcasting
 + Level 2.2 Conjurations
 * Level 3.9 Air Magic


You had 2 spell levels left.
You knew the following spells:

 Your Spells              Type           Power        Failure   Level  Hunger
a - Shock                 Conj/Air       ##..         4%          1    #......
b - Swiftness             Chrm/Air       #.......     11%         2    ##.....
c - Static Discharge      Conj/Air       ##......     14%         3    ###....

Your spell library contained the following spells:

 Spells                   Type           Power        Failure   Level  Hunger
 Airstrike                Air            ###.......   32%         4    #####..
 Lightning Bolt           Conj/Air       ##........   78%         5    ######.


Dungeon Overview and Level Annotations

Branches:
Dungeon (3/15)

Altars:
Fedhas

Annotations:
D:2 exclusion: 3 oklob plants
D:3 exclusion: oklob plant


Innate Abilities, Weirdness & Mutations

You are mostly covered in sharp spines.


Message History

You kill the orc!
Found a leather armour.
Found a stone staircase leading down.
You now have 145 gold pieces (gained 15).
Things that are here:
a +0 dagger; an orc corpse You butcher the orc corpse.
x - 4 chunks of flesh
Things that are here:
a +0 dagger; an orc skeleton You start resting.
Eating one of 4 chunks of flesh.
You eat one of the 4 chunks of flesh.
This raw flesh tastes terrible.
You are no longer corroded.
You start resting.
Magic restored.
You start resting.
Fedhas invokes the elements against you.
Freezing gases pour from your hands!
You are engulfed in freezing vapours.
Ouch! That really hurt!
You die...

#......... ##..#....).
#####...##.....
#P.....####.... #f####.#
##.## ## #f# #.# #.# ..
####☼# #.# #.#
#.#§§☼☼####.# #.#
#.☼@§§§.....# #.#
#.........###..#####.##
....................<..#
##.$.......####.#####...
#........).# #...
#..........# #..#
...........# ..##
.[.#.>####.. ..# ..#


There were no monsters in sight!

Vanquished Creatures
  A hound (D:2)
  3 adders (D:2)
  A dart slug (D:1)
  2 leopard geckos
  3 orcs (D:3)
  5 bats
  A giant cockroach (D:2)
  3 goblins
  6 hobgoblins
  3 jackals (D:2)
  2 kobolds
  A ball python (D:2)
  2 frilled lizards (D:1)
  8 rats
41 creatures vanquished.

Vanquished Creatures (others)
  A ball lightning (D:2)
1 creature vanquished.

Grand Total: 42 creatures vanquished

Notes
Turn   | Place    | Note
-------+----------+-------------------------------------------
     0 | D:1      | night the Demonspawn Air Elementalist began the quest for
                  | the Orb.
     0 | D:1      | Reached XP level 1. HP: 13/13 MP: 3/3
   301 | D:1      | Reached skill level 3 in Air Magic
   342 | D:1      | Gained mutation: You are partially covered in sharp spines.
                  | [demonic ancestry]
   342 | D:1      | Reached XP level 2. HP: 19/19 MP: 3/5
  1191 | D:2      | Learned a level 2 spell: Swiftness
  1255 | D:2      | Found a faded altar of an unknown god.
  1264 | D:2      | Became a worshipper of Fedhas Madash
  1264 | D:2      | Reached * piety under Fedhas
  1265 | D:2      | Fell from the grace of Fedhas
  1458 | D:2      | Gained mutation: You are mostly covered in sharp spines.
                  | [demonic ancestry]
  1458 | D:2      | Reached XP level 3. HP: 22/24 MP: 0/6
  1911 | D:2      | Reached XP level 4. HP: 20/30 MP: 3/7
  1916 | D:2      | Learned a level 3 spell: Static Discharge
  2176 | D:2      | Noticed an oklob plant
  2176 | D:2      | Noticed an oklob plant
  2176 | D:2      | Noticed an oklob plant
  2176 | D:2      | Noticed a wandering mushroom
  2322 | D:3      | Noticed a wandering mushroom
  2322 | D:3      | Noticed an oklob plant
  2328 | D:3      | HP: 1/30 [orc/+0 dagger (2)]
  2429 | D:3      | Engulfed by a cloud of freezing vapour

Skill      XL: |  1  2  3 |
---------------+----------+-----
Air Magic      | 3 |  3.9
Conjurations   | 2 |  2.2
Dodging        | |  1.7
Stealth        | |  1.7
Spellcasting   | |  2.7

Action                   |  1- 3 |  4- 6 || total
-------------------------+-------+-------++-------
Melee: Club              |     1 |       ||     1
       Short sword       |    23 |     6 ||    29
       Spear             |    11 |       ||    11
 Cast: Shock             |    52 |    14 ||    66
Invok: Renounce Religion |     1 |       ||     1
 Stab: Sleeping          |     2 |       ||     2
  Eat: Chunk             |     4 |     1 ||     5
Armor: Robe              |     6 |       ||     6
Dodge: Dodged            |    36 |     4 ||    40
